 Dungeon Crawl Stone Soup version 0.21.1-1-g345015f (webtiles) character file.

8082 nicolaieve the Cleaver (level 11, -3/102 HPs)
             Began as a Minotaur Berserker on June 21, 2018.
             Was a High Priest of Trog.
             Slain by an orc warrior
             ... wielding a +0 halberd
              (14 damage)
             ... on level 9 of the Dungeon.
             The game lasted 00:35:39 (7689 turns).

nicolaieve the Cleaver (Minotaur Berserker)         Turns: 7689, Time: 00:35:40

Health: -3/102     AC: 15    Str: 24    XL:     11   Next: 5%
Magic:  10/10      EV:  8    Int:  4    God:    Trog [*****.]
Gold:   493        SH:  0    Dex: 11    Spells: 10/10 levels left

rFire    + . .     SeeInvis .   o - +0 war axe
rCold    . . .     Gourm    +   (no shield)
rNeg     . . .     Faith    .   O - +0 plate armour
rPois    .         Spirit   .   (helmet restricted)
rElec    .         Reflect  .   (no cloak)
rCorr    .         Harm     .   (no gloves)
MR       .....                  A - +0 pair of boots
Stlth    ..........             I - amulet of the gourmand
HPRegen  0.27/turn              t - ring of protection from fire
MPRegen  0.12/turn              (no ring)

@: no status effects
A: retaliatory headbutt, horns 2
a: Berserk, Trog's Hand, Brothers in Arms, Burn Spellbooks, Renounce Religion


You were on level 9 of the Dungeon.
You worshipped Trog.
Trog was extremely pleased with you.
You were full.

You visited 1 branch of the dungeon, and saw 10 of its levels.

You collected 493 gold pieces.

Inventory:

Hand Weapons
 a - a +0 hand axe
 j - a +2 whip of electrocution
 m - a +2 antimagic trident
 o - a +0 war axe (weapon)
 N - a +2 morningstar of venom
Armour
 p - a +1 chain mail of cold resistance
 A - a +0 pair of boots (worn)
 K - a +0 troll leather armour
 O - a +0 plate armour (worn)
Jewellery
 t - a ring of protection from fire (left hand)
 y - an uncursed amulet of magic regeneration
 I - an amulet of the gourmand (around neck)
Wands
 b - a wand of flame (89)
 u - a wand of polymorph (28)
 w - a wand of random effects (27)
 B - a wand of iceblast (17)
 E - a wand of paralysis (16)
Scrolls
 d - 4 scrolls of fog {unknown}
 h - a scroll of fear {unknown}
 i - 7 scrolls of remove curse {unknown}
 k - 8 scrolls of identify {unknown}
 q - 2 scrolls of teleportation {unknown}
 s - a scroll of magic mapping {unknown}
 v - 2 scrolls of blinking
 F - 2 scrolls of amnesia {unknown}
 G - a scroll of summoning {unknown}
 H - a scroll of vulnerability {unknown}
 J - a scroll of noise {unknown}
Potions
 e - 3 potions of curing {unknown}
 f - a potion of flight {unknown}
 g - 3 potions of agility {unknown}
 l - a potion of haste {unknown}
 n - a potion of lignification {unknown}
 r - a potion of invisibility {unknown}
 x - a potion of resistance {unknown}
 z - a potion of cancellation {unknown}
 C - 2 potions of ambrosia {unknown}
 D - 3 potions of heal wounds {unknown}
 L - a potion of magic {unknown}
Comestibles
 c - 21 rations
 M - a chunk of flesh


   Skills:
 * Level 11.1 Fighting
 + Level 14.6 Axes
 + Level 9.3 Armour
 - Level 2.2 Dodging


You had 10 spell levels left.
You didn't know any spells.

Dungeon Overview and Level Annotations

Branches:
Dungeon (10/15)            Temple (0/1) D:6
   Lair: D:8-11         Orc: D:9-12

Altars:
Ashenzari
Cheibriados
Dithmenos
Elyvilon
Fedhas
Hepliaklqana
Kikubaaqudgha
Qazlal
Trog
Vehumet
Xom
The Shining One

Shops:
D:5 *   D:6 *


Innate Abilities, Weirdness & Mutations

You reflexively headbutt those who attack you in melee.
You have a pair of horns on your head.


Message History

Your headbutt misses the orc warrior.
Unknown command.
You hit the orc warrior. Your headbutt misses the orc warrior.
The orc warrior is lightly wounded.
The orc warrior closely misses you.
You slash the orc warrior! You headbutt the orc warrior!
The orc warrior is severely wounded.
You completely miss the orc warrior.
The orc warrior is severely wounded.
The orc warrior closely misses you. You furiously retaliate!
You headbutt the orc warrior. You closely miss the orc warrior.
Your headbutt misses the orc warrior.
The orc warrior is severely wounded.
The orc warrior hits you but does no damage.
You closely miss the orc warrior.
The orc warrior is severely wounded.
You hit the orc warrior.
The orc warrior is almost dead.
The orc warrior hits you with a halberd!
You die...

.....#.............##.....#
.....#.......##....##.....#
.....#.......####+###.....#
.....#..##...##...........#
....##..#######>..........#
....#....#................#
....#....#...########.....#
....#....#...##....##.....#
....#....#.....รท@.........#
....#....+.......o........#
....#....#................#
....#....#................#
....###########....##.....#
###...........#....########
..#....###.....###..#
..#[...# #.....# #.##
..#....###.....#####


You could see an orc warrior.

Vanquished Creatures
  The ghost of n0claF the Archer, a journeyman CeHu of Okawaru (D:10)
  3 two-headed ogres
  Pikel (D:5)
  A komodo dragon (D:8)
  A polar bear (D:8)
  A troll (D:9)
  Sigmund (D:5)
  A vampire (D:9)
  A yak (D:7)
  A spriggan (D:7)
  A hungry ghost (D:10)
  Menkaure (D:7)
  A warg (D:10)
  A sky beast (D:9)
  2 orc warriors
  2 ice beasts
  A necrophage (D:8)
  6 ogres
  A phantom (D:4)
  A wolf (D:8)
  3 centaurs
  5 bullfrogs
  2 water moccasin zombies
  A scorpion (D:7)
  2 howler monkeys (D:4)
  4 crimson imps
  3 hounds
  A jelly (D:8)
  4 orc priests
  A centaur skeleton (D:7)
  7 orc wizards
  A water moccasin simulacrum (D:8)
  2 bullfrog skeletons
  2 iguanas (D:4)
  9 worker ants
  A bullfrog simulacrum (D:8)
  A hound zombie (D:7)
  A hound skeleton (D:5)
  A howler monkey skeleton (D:8)
  12 adders
  4 shadow imps
  3 white imps (D:8)
  An ufetubus (D:8)
  3 oozes
  2 adder zombies
  5 worms
  3 leopard geckos
  20 orcs
  2 bat zombies (D:9)
  6 giant cockroaches
  6 goblins
  9 hobgoblins
  24 jackals
  3 quokkas
  7 bats
  4 frilled lizards
  A jackal zombie (D:7)
  7 kobolds
  A leopard gecko zombie (D:5)
  A quokka skeleton (D:8)
  11 rats
  2 rat zombies (D:9)
217 creatures vanquished.

Vanquished Creatures (others)
  5 dream sheep (D:3)
  A leopard gecko (D:5)
6 creatures vanquished.

Grand Total: 223 creatures vanquished

Notes
Turn   | Place    | Note
-------+----------+-------------------------------------------
     0 | D:1      | nicolaieve the Minotaur Berserker began the quest for the Orb.
     0 | D:1      | Reached XP level 1. HP: 19/19 MP: 0/0
   229 | D:1      | Reached XP level 2. HP: 16/27 MP: 1/1
   243 | D:1      | Reached skill level 4 in Axes
   994 | D:2      | Reached XP level 3. HP: 33/33 MP: 2/2
  1020 | D:2      | Reached skill level 5 in Axes
  1413 | D:2      | Reached ** piety under Trog
  1414 | D:2      | Reached XP level 4. HP: 26/40 MP: 3/3
  1805 | D:3      | Reached skill level 6 in Axes
  1842 | D:3      | Reached XP level 5. HP: 46/46 MP: 1/4
  1887 | D:3      | Found a stormy altar of Qazlal.
  1925 | D:3      | Reached skill level 7 in Axes
  2289 | D:3      | Found a shimmering altar of Xom.
  2289 | D:3      | Noticed a dream sheep
  2289 | D:3      | Noticed a dream sheep
  2289 | D:3      | Noticed a dream sheep
  2289 | D:3      | Noticed a dream sheep
  2289 | D:3      | Noticed a dream sheep
  2293 | D:3      | Killed a dream sheep
  2293 | D:3      | Killed a dream sheep
  2293 | D:3      | Killed a dream sheep
  2293 | D:3      | Killed a dream sheep
  2295 | D:3      | Killed a dream sheep
  2456 | D:3      | Found a hazy altar of Hepliaklqana.
  2761 | D:4      | Reached skill level 8 in Axes
  2761 | D:4      | Reached XP level 6. HP: 45/52 MP: 5/5
  2808 | D:4      | Reached *** piety under Trog
  2935 | D:4      | Reached skill level 9 in Axes
  3045 | D:4      | Reached XP level 7. HP: 59/59 MP: 6/6
  3321 | D:4      | Reached skill level 10 in Axes
  3513 | D:5      | Entered Level 5 of the Dungeon
  3521 | D:5      | Found a white marble altar of Elyvilon.
  3726 | D:5      | Noticed Pikel
  3858 | D:5      | Killed Pikel
  3858 | D:5      | Reached skill level 5 in Fighting
  3858 | D:5      | Reached skill level 11 in Axes
  3858 | D:5      | Reached XP level 8. HP: 65/69 MP: 7/7
  3994 | D:5      | Noticed Sigmund
  4002 | D:5      | Killed Sigmund
  4077 | D:5      | Found Ominguts's Assorted Antiques.
  4098 | D:5      | Found a shadowy altar of Dithmenos.
  4449 | D:6      | Found Imatsauf's Assorted Antiques.
  4464 | D:6      | Found a shattered altar of Ashenzari.
  4613 | D:6      | Found a staircase to the Ecumenical Temple.
  4654 | D:6      | Reached skill level 5 in Armour
  4746 | D:6      | Reached skill level 12 in Axes
  5039 | D:7      | Noticed Menkaure
  5044 | D:7      | Killed Menkaure
  5061 | D:7      | Reached XP level 9. HP: 78/78 MP: 8/8
  5133 | D:7      | Reached **** piety under Trog
  5713 | D:8      | Noticed a polar bear
  5716 | D:8      | Noticed a komodo dragon
  5796 | D:8      | Found a glowing golden altar of the Shining One.
  5950 | D:8      | Found a blossoming altar of Fedhas.
  6072 | D:8      | Reached skill level 13 in Axes
  6202 | D:8      | Reached ***** piety under Trog
  6236 | D:8      | Noticed a two-headed ogre
  6243 | D:8      | Killed a two-headed ogre
  6243 | D:8      | Reached XP level 10. HP: 91/91 MP: 9/9
  6426 | D:8      | Received a gift from Trog
  6604 | D:9      | Noticed a two-headed ogre
  6614 | D:9      | Killed a two-headed ogre
  6620 | D:9      | Found a glowing golden altar of the Shining One.
  6718 | D:9      | Found a snail-covered altar of Cheibriados.
  6817 | D:9      | Reached skill level 10 in Fighting
  6817 | D:9      | Reached skill level 14 in Axes
  6929 | D:9      | Found a bloodstained altar of Trog.
  7002 | D:9      | Found an ancient bone altar of Kikubaaqudgha.
  7048 | D:9      | Found a radiant altar of Vehumet.
  7113 | D:9      | Received a gift from Trog
  7416 | D:10     | Entered Level 10 of the Dungeon
  7416 | D:10     | Noticed n0claF's ghost (journeyman CeHu)
  7429 | D:10     | Killed n0claF's ghost
  7503 | D:10     | Noticed a two-headed ogre
  7517 | D:10     | Killed a two-headed ogre
  7519 | D:10     | Reached XP level 11. HP: 102/102 MP: 10/10
  7605 | D:9      | HP: 5/102 [poisoned by an orc warrior]
  7689 | D:9      | Slain by an orc warrior

Skill      XL: |  1  2  3  4  5  6  7  8  9 10 |
---------------+-------------------------------+-----
Fighting       | 4 5 6 9 11 | 11.1
Axes           | 4 5 6 8 9 11 12 13 14 | 14.6
Armour         | 4 5 7 9 |  9.3
Dodging        | |  2.2

Action                   |  1- 3 |  4- 6 |  7- 9 | 10-12 || total
-------------------------+-------+-------+-------+-------++-------
Melee: Hand axe          |    81 |   131 |   209 |       ||   421
       Headbutt          |    13 |    20 |    64 |    29 ||   126
       War axe           |       |       |    62 |   138 ||   200
Invok: Berserk           |     1 |     4 |     9 |     8 ||    22
       Burn Spellbooks   |       |     2 |     1 |     2 ||     5
       Trog's Hand       |       |     1 |     1 |     1 ||     3
  Use: Scroll            |       |       |     1 |     1 ||     2
 Stab: Distracted        |     1 |       |       |       ||     1
  Eat: Chunk             |     3 |     8 |    15 |    22 ||    48
       Ration            |       |       |     1 |       ||     1
Armor: Animal skin       |    15 |       |       |       ||    15
       Leather armour    |     8 |     6 |       |       ||    14
       Chain mail        |       |    38 |   104 |    56 ||   198
       Plate armour      |       |       |       |     2 ||     2
Dodge: Dodged            |    65 |    57 |    95 |    55 ||   272
